 Dungeon Sprint DCSS version 0.19-a0-1007-g133f65f (webtiles) character file.

43850 nextgen the Skullcrusher (level 14, -4/283 HPs)
             Began as an Ogre Gladiator on July 19, 2016.
             Was the Champion of Trog.
             Shot with a bolt by a yaktaur captain (33 damage)
             ... in the Dungeon (Sprint IX: "|||||||||||||||||||||||||||||").
             The game lasted 00:08:44 (3750 turns).

nextgen the Skullcrusher (Ogre Gladiator)           Turns: 3750, Time: 00:08:44

Health: -4/283     AC: 18    Str: 31    XL:     14   Next: 26%
Magic:  15/17      EV: 20    Int:  7    God:    Trog [******]
Gold:   1506       SH:  0    Dex: 14    Spells: 0 memorised, 13 levels left

rFire  + + .     SeeInvis .     B - +4 giant spiked club of Toeto {speed, *Drain rElec rF+++ rC-}
rCold  + . .     Gourm    .     J - +3 ice dragon armour
rNeg   . . .     Faith    .     (shield currently unavailable)
rPois  .         Spirit   .     c - +1 hat
rElec  +         Dismiss  .     j - +0 cloak {+Inv}
rCorr  .         Reflect  .     (gloves unavailable)
SustAt .         Harm     .     (boots unavailable)
MR     +....     NoTele   +     (no amulet)
Stlth  ..........               q - +2 ring of evasion
                                r - +3 ring of dexterity

@: berserking, very slightly contaminated, invisible (expiring), very quick,
somewhat resistant to hostile enchantments, extremely unstealthy
A: unfitting armour, tough skin 1
a: Berserk, Trog's Hand, Brothers in Arms, Burn Spellbooks, Renounce Religion,
Turn Visible


You were in the Dungeon.
You worshipped Trog.
Trog was exalted by your worship.
You were not hungry.

You visited 1 branch You collected 1915 gold pieces.
You spent 409 gold pieces at shops.

Inventory:

Hand Weapons
 a - a +7 antimagic giant spiked club
 h - the +6 dire flail "Hoguuh" {freeze, SInv}
   (Trog gifted it to you in the Dungeon)

   It has been specially enchanted to freeze those struck by it, causing extra
   injury to most foes and up to half again as much damage against particularly
   susceptible opponents.
   It can also slow down cold-blooded creatures.
   It lets you see invisible.
 u - a +0 trident
 v - the +8 great mace of Ufeem {flame, Int+6, unknown}
   (Trog gifted it to you in the Dungeon)

   It has been specially enchanted to burn those struck by it, causing extra
   injury to most foes and up to half again as much damage against particularly
   susceptible opponents.
   It affects your intelligence (+6).
 B - the +4 giant spiked club of Toeto (weapon) {speed, *Drain rElec rF+++ rC-}
   (Trog gifted it to you in the Dungeon)

   Attacks with this weapon are significantly faster.
   It renders you almost immune to fire.
   It makes you vulnerable to cold.
   It insulates you from electricity.
   It causes draining when unequipped.
 E - a +3 antimagic giant club
Missiles
 d - 3 throwing nets (quivered)
 y - 17 large rocks
Armour
 b - a +0 robe
 c - a +1 hat (worn)
 j - a +0 cloak of invisibility (worn)
 p - a +1 cloak
 J - a +3 ice dragon armour (worn)
Jewellery
 q - a +2 ring of evasion (right hand)
 r - a +3 ring of dexterity (left hand)
 F - an uncursed ring of fire
 G - an uncursed ring of protection from magic
 H - an uncursed ring of fire
 I - an uncursed ring of protection from fire
Wands
 o - a wand of lightning (0/15)
Scrolls
 k - 2 scrolls of blinking
 m - 4 scrolls of remove curse
 n - 2 scrolls of amnesia
 t - a scroll of fear
 w - a scroll of recharging
 x - 4 scrolls of fog
Potions
 e - 7 potions of curing
 g - 5 potions of heal wounds
 i - 4 potions of magic
 l - 3 potions of haste
 s - a potion of cure mutation
 C - 4 potions of mutation
 D - a potion of might
 K - a potion of berserk rage
Comestibles
 f - 9 bread rations
 z - 40 fruits
 A - 12 meat rations


   Skills:
 + Level 24.8 Fighting
 O Level 27 Maces & Flails
 - Level 2.0 Throwing
 + Level 8.6 Armour
 + Level 16.9 Dodging
 + Level 4.5 Evocations


You had 13 spell levels left.
You didn't know any spells.

Dungeon Overview and Level Annotations

Branches:
Dungeon (1/1)

Altars:
Cheibriados
Dithmenos
Elyvilon
Fedhas
Gozag
Hepliaklqana
Kikubaaqudgha
Makhleb
Nemelex Xobeh
Okawaru
Pakellas
Qazlal
Ru
Sif Muna
Trog
Uskayaw
Vehumet
Xom
Yredelemnul
Zin
The Shining One
Beogh
Jiyva
Lugonu

Shops:
D [**!


Innate Abilities, Weirdness & Mutations

You are too large for most types of armour.
You have tough skin. (AC +1)


Message History

The black mamba hisses angrily.
The spark wasp buzzes angrily.
The frost giant hits you with a battleaxe of freezing!!
* * * LOW HITPOINT WARNING * * *
The frost giant freezes you.
* * * LOW HITPOINT WARNING * * *
You stick the frost giant like a pincushion!!!
You feel the power of Trog in you as your rage grows.
You kill the frost giant!
Trog accepts your kill. Something appears at your feet! Trog grants you a gift!
Trog appreciates your killing of a magic user.
The black mamba hisses angrily.
The spark wasp buzzes angrily.
You catch the helpless spark wasp completely off-guard!
You perforate the spark wasp like a sieve!!!!
You kill the spark wasp!
Trog accepts your kill.
The black mamba hisses angrily.
The yaktaur captain shoots a bolt.
The bolt hits you!!
You die...

........[[[[[[[..)))))))).....'..
▓▓▓▓▓▓▓▓▓▓▓▓▓▓▓▓▓▓▓▓▓▓▓▓▓▓▓▓▓▓▓▓▓
...........................))....
▓▓▓▓▓▓▓▓▓▓▓▓▓▓▓▓▓▓▓▓▓▓▓▓▓▓▓▓▓▓▓▓▓
PP÷.'†)))(.)))((.....†)('........
▓▓▓▓▓▓▓▓▓▓▓▓▓▓▓▓▓▓▓▓▓▓▓▓▓▓▓▓▓▓▓▓▓
..............)..................
▓▓▓▓▓▓▓▓▓▓▓▓▓▓▓▓▓▓▓▓▓▓▓▓▓▓▓▓▓▓▓▓▓
cSicc.)@))†))((.........
▓▓▓▓▓▓▓▓▓▓▓▓▓▓▓▓▓▓▓▓▓▓▓▓


You could see 2 yaktaur captains, a yaktaur, a black mamba (wandering) and a
spriggan.

Vanquished Creatures
  Rupert (D)
  A thorn hunter (D)
  A fire giant (D)
  A greater naga (D)
  A frost giant (D)
  A very ugly thing (D)
  A vampire knight (D)
  2 stone giants (D)
  A spark wasp (D)
  A yaktaur captain (D)
  Erolcha (D)
  A naga warrior (D)
  A hydra (D)
  A catoblepas (D)
  A centaur warrior (D)
  Erica (D)
  2 death yaks (D)
  A satyr (D)
  A tengu warrior (D)
  An ogre mage (D)
  A naga sharpshooter (D)
  Sonja (D)
  A sea snake (D)
  A wizard (D)
  2 spriggan druids (D)
  An orc knight (D)
  A giant orange brain (D)
  2 necromancers (D)
  3 hill giants (D)
  A mana viper (D)
  8 orc sorcerers (D)
  An orb spider (D)
  2 wolf spiders (D)
  3 ugly things (D)
  A cyclops (D)
  A siren (D)
  3 manticores (D)
  2 naga magi (D)
  2 black mambas (D)
  Psyche (D)
  A guardian serpent (D)
  A spiny frog (D)
  2 demonic crawlers (D)
  A meliai (D)
  A jumping spider (D)
  2 giant leeches (D)
  A merfolk (D)
  A bog body (D)
  A slime creature (D)
  2 redbacks (D)
  A shadow (D)
  A tarantella (D)
  6 yaks (D)
  2 wraiths (D)
  2 basilisks (D)
  6 hippogriffs (D)
  4 water moccasins (D)
  A swamp drake (D)
  A porcupine (D)
  14 orc warriors (D)
  A wasp (D)
  An ice beast (D)
  A phantom (D)
  3 crocodiles (D)
  3 giant frogs (D)
  A scorpion (D)
  A killer bee (D)
  An orc priest (D)
  8 orc wizards (D)
  An iguana (D)
  2 worker ants (D)
  2 shadow imps (D)
  An adder skeleton (D)
  A dart slug (D)
  8 orcs (D)
  A giant cockroach (D)
  A goblin (D)
  A giant newt (D)
  A rat (D)
  A briar patch (D)
151 creatures vanquished.

Vanquished Creatures (collateral kills)
  A merfolk avatar (D)
  A manticore (D)
2 creatures vanquished.

Grand Total: 153 creatures vanquished

Notes
Turn   | Place    | Note
-------+----------+-------------------------------------------
     0 | D        | nextgen the Ogre Gladiator began the quest for the Orb.
     0 | D        | Reached XP level 1. HP: 22/22 MP: 1/1
    25 | D        | Reached skill level 5 in Maces & Flails
    30 | D        | Reached XP level 2. HP: 7/29 MP: 2/2
   278 | D        | Noticed a scorpion
   281 | D        | Killed a scorpion
   281 | D        | Reached skill level 8 in Maces & Flails
   281 | D        | Reached XP level 3. HP: 39/39 MP: 3/3
   285 | D        | Reached XP level 4. HP: 48/48 MP: 4/4
   292 | D        | Reached skill level 9 in Maces & Flails
   292 | D        | Reached skill level 5 in Dodging
   383 | D        | Found a glowing silver altar of Zin.
   383 | D        | Found a glowing golden altar of the Shining One.
   383 | D        | Found an ancient bone altar of Kikubaaqudgha.
   383 | D        | Found a basalt altar of Yredelemnul.
   383 | D        | Found a shimmering altar of Xom.
   383 | D        | Found a radiant altar of Vehumet.
   384 | D        | Found an iron altar of Okawaru.
   385 | D        | Found a burning altar of Makhleb.
   386 | D        | Found a deep blue altar of Sif Muna.
   387 | D        | Found a bloodstained altar of Trog.
   388 | D        | Found a sparkling altar of Nemelex Xobeh.
   389 | D        | Found a white marble altar of Elyvilon.
   390 | D        | Found a roughly hewn altar of Beogh.
   391 | D        | Found a viscous altar of Jiyva.
   392 | D        | Found a corrupted altar of Lugonu.
   393 | D        | Found a blossoming altar of Fedhas.
   394 | D        | Found a snail-covered altar of Cheibriados.
   395 | D        | Found a shadowy altar of Dithmenos.
   396 | D        | Found a stormy altar of Qazlal.
   397 | D        | Found an opulent altar of Gozag.
   398 | D        | Found a sacrificial altar of Ru.
   399 | D        | Found an oddly glowing altar of Pakellas.
   400 | D        | Found a hide-covered altar of Uskayaw.
   401 | D        | Found a hazy altar of Hepliaklqana.
   460 | D        | Became a worshipper of Trog the Wrathful
   485 | D        | Noticed a hippogriff
   485 | D        | Noticed a phantom
   485 | D        | Noticed a hill giant
   485 | D        | Noticed a hippogriff
   487 | D        | Reached skill level 10 in Maces & Flails
   487 | D        | Reached XP level 5. HP: 54/54 MP: 5/5
   495 | D        | Killed a hippogriff
   495 | D        | Reached * piety under Trog
   495 | D        | Reached skill level 5 in Fighting
   495 | D        | Reached skill level 12 in Maces & Flails
   495 | D        | Reached XP level 6. HP: 51/66 MP: 6/6
   506 | D        | Killed a hill giant
   506 | D        | Reached skill level 15 in Maces & Flails
   506 | D        | Reached XP level 7. HP: 60/76 MP: 7/7
   515 | D        | Reached skill level 16 in Maces & Flails
   522 | D        | Killed a hippogriff
   522 | D        | Reached ** piety under Trog
   522 | D        | Reached XP level 8. HP: 60/87 MP: 8/8
   554 | D        | Noticed a wraith
   554 | D        | Noticed a hill giant
   554 | D        | Noticed a centaur warrior
   569 | D        | Killed a centaur warrior
   569 | D        | Reached skill level 18 in Maces & Flails
   569 | D        | Reached skill level 10 in Dodging
   569 | D        | Reached XP level 9. HP: 71/97 MP: 9/9
   576 | D        | Killed a hill giant
   576 | D        | Reached *** piety under Trog
   576 | D        | Reached skill level 19 in Maces & Flails
   976 | D        | Noticed a spiny frog
   990 | D        | Reached **** piety under Trog
   999 | D        | Killed a spiny frog
   999 | D        | Reached skill level 20 in Maces & Flails
  1003 | D        | Reached skill level 10 in Fighting
  1008 | D        | Reached ***** piety under Trog
  1019 | D        | Reached XP level 10. HP: 77/110 MP: 10/10
  1028 | D        | Received a gift from Trog
  1331 | D        | Noticed a five-headed hydra
  1340 | D        | Killed a five-headed hydra
  1340 | D        | Received a gift from Trog
  1340 | D        | Reached skill level 21 in Maces & Flails
  1351 | D        | Received a gift from Trog
  1451 | D        | Noticed a catoblepas
  1451 | D        | Noticed a death yak
  1455 | D        | Killed a death yak
  1455 | D        | Reached skill level 22 in Maces & Flails
  1456 | D        | Noticed a death yak
  1462 | D        | Received a gift from Trog
  1497 | D        | Killed a catoblepas
  1497 | D        | Reached XP level 11. HP: 55/123 MP: 11/11
  1508 | D        | Killed a death yak
  1508 | D        | Reached skill level 23 in Maces & Flails
  1512 | D        | Received a gift from Trog
  1796 | D        | Noticed Sonja
  1803 | D        | Killed Sonja
  1803 | D        | Reached ****** piety under Trog
  1803 | D        | Received a gift from Trog
  2023 | D        | Received a gift from Trog
  2042 | D        | Received a gift from Trog
  2056 | D        | Got a fine giant spiked club {god gift}
  2057 | D        | Identified the +4 giant spiked club of Toeto {speed, *Drain rElec rF+++ rC-} (Trog gifted it to you in the Dungeon)
  2124 | D        | Noticed an orc knight
  2135 | D        | Received a gift from Trog
  2142 | D        | Killed an orc knight
  2142 | D        | Reached skill level 24 in Maces & Flails
  2321 | D        | Found Umeifar's Distillery.
  2321 | D        | Noticed an orc sorcerer
  2321 | D        | Noticed an orc sorcerer
  2321 | D        | Noticed an orc sorcerer
  2323 | D        | Noticed an orc sorcerer
  2324 | D        | Killed an orc sorcerer
  2324 | D        | Received a gift from Trog
  2329 | D        | Killed an orc sorcerer
  2330 | D        | Found Dicirrus's Assorted Antiques.
  2337 | D        | Killed an orc sorcerer
  2340 | D        | Found Dophucse's Assorted Antiques.
  2341 | D        | Killed an orc sorcerer
  2341 | D        | Received a gift from Trog
  2341 | D        | Reached skill level 25 in Maces & Flails
  2342 | D        | Noticed an orc sorcerer
  2345 | D        | Received a gift from Trog
  2346 | D        | Found Jaizoimp's Armour Shop.
  2346 | D        | Noticed an orc sorcerer
  2347 | D        | Noticed an orc sorcerer
  2353 | D        | Noticed an orc sorcerer
  2353 | D        | Killed an orc sorcerer
  2360 | D        | Killed an orc sorcerer
  2367 | D        | Killed an orc sorcerer
  2367 | D        | Received a gift from Trog
  2370 | D        | Killed an orc sorcerer
  2370 | D        | Reached XP level 12. HP: 114/139 MP: 12/12
  2373 | D        | Received a gift from Trog
  2387 | D        | Got an encrusted dire flail {god gift}
  2396 | D        | Bought an embroidered cloak for 121 gold pieces
  2399 | D        | Bought a potion of haste for 120 gold pieces
  2399 | D        | Bought 2 potions of mutation for 60 gold pieces
  2399 | D        | Bought 2 potions of mutation for 60 gold pieces
  2399 | D        | Bought a potion of might for 48 gold pieces
  2494 | D        | Noticed Psyche
  2500 | D        | Killed Psyche
  2516 | D        | Noticed Erica
  2522 | D        | Killed Erica
  2522 | D        | Received a gift from Trog
  2522 | D        | Reached skill level 26 in Maces & Flails
  2622 | D        | Identified the +6 dire flail "Hoguuh" {freeze, SInv} (Trog gifted it to you in the Dungeon)
  2636 | D        | Noticed an ogre mage
  2637 | D        | Noticed a fire giant
  2644 | D        | Received a gift from Trog
  2644 | D        | Reached skill level 15 in Fighting
  2648 | D        | Noticed a tengu warrior
  2650 | D        | Noticed a stone giant
  2653 | D        | Killed an ogre mage
  2653 | D        | Reached skill level 27 in Maces & Flails
  2658 | D        | Noticed a brown very ugly thing
  2660 | D        | Killed a fire giant
  2664 | D        | Received a gift from Trog
  2667 | D        | Killed a stone giant
  2667 | D        | Reached skill level 1 in Armour
  2667 | D        | Reached skill level 15 in Dodging
  2670 | D        | Killed a tengu warrior
  2674 | D        | Killed a brown very ugly thing
  2806 | D        | Noticed Erolcha
  2811 | D        | Killed Erolcha
  2811 | D        | Received a gift from Trog
  2848 | D        | Reached XP level 13. HP: 140/161 MP: 13/13
  2857 | D        | Received a gift from Trog
  2861 | D        | Received a gift from Trog
  3031 | D        | Received a gift from Trog
  3032 | D        | Noticed a greater naga
  3033 | D        | Received a gift from Trog
  3051 | D        | Killed a greater naga
  3189 | D        | Received a gift from Trog
  3196 | D        | Reached skill level 1 in Evocations
  3222 | D        | Received a gift from Trog
  3229 | D        | Reached skill level 5 in Armour
  3241 | D        | Received a gift from Trog
  3373 | D        | Got a bone great mace {god gift}
  3420 | D        | Noticed a thorn hunter
  3429 | D        | Killed a thorn hunter
  3442 | D        | Received a gift from Trog
  3444 | D        | Received a gift from Trog
  3663 | D        | Noticed Rupert
  3671 | D        | Killed Rupert
  3715 | D        | Noticed a yaktaur captain
  3715 | D        | Noticed a stone giant
  3723 | D        | Killed a stone giant
  3724 | D        | Noticed a vampire knight
  3727 | D        | Killed a yaktaur captain
  3727 | D        | Reached XP level 14. HP: 108/187 MP: 13/16
  3730 | D        | Noticed a frost giant
  3735 | D        | Received a gift from Trog
  3744 | D        | Killed a vampire knight
  3749 | D        | Killed a frost giant
  3749 | D        | Received a gift from Trog
  3750 | D        | Shot with a bolt by a yaktaur captain

Vault maps used:
D:        linesprint

Skill      XL: |  1  2  3  4  5  6  7  8  9 10 11 12 13 14 |
---------------+-------------------------------------------+-----
Dodging        | 3 4 5 6 8 9 10 11 13 14 15 16 | 16.9
Maces & Flails | 5 8 10 12 15 16 18 20 22 25 27 | 27.0
Fighting       | 3 4 5 6 7 8 10 12 14 18 23 24 | 24.8
Armour         | 1 7 8 |  8.6
Evocations     | 3 4 |  4.5
Throwing       | |  2.0

Action                   |  1- 3 |  4- 6 |  7- 9 | 10-12 | 13-15 || total
-------------------------+-------+-------+-------+-------+-------++-------
Melee: Flail             |    32 |     5 |       |       |       ||    37
       Whip              |       |    16 |    86 |    11 |       ||   113
       Giant club        |       |       |       |    80 |       ||    80
       Giant spiked club |       |       |       |   128 |   115 ||   243
Invok: Berserk           |       |       |     2 |     6 |     4 ||    12
       Brothers in Arms  |       |       |       |       |     1 ||     1
 Abil: Evoke Invisibilit |       |       |       |       |     2 ||     2
Evoke: Wand              |       |     2 |       |     5 |     2 ||     9
  Use: Potion            |     1 |     2 |       |     7 |       ||    10
       Scroll            |       |       |     2 |     5 |     1 ||     8
 Stab: Invisible         |       |     5 |     4 |       |     5 ||    14
  Eat: Chunk             |       |       |     2 |     6 |       ||     8
       Bread ration      |       |       |       |     2 |     2 ||     4
Armor: Robe              |     4 |     2 |     4 |    14 |       ||    24
       Ice dragon armour |       |       |       |     7 |    10 ||    17
Dodge: Dodged            |    14 |    12 |    41 |   109 |    59 ||   235
